 Dungeon Crawl Stone Soup version 0.21-a0-578-gc6e9d75 (webtiles) character file.

530 sagitran the Ducker (level 7, -5/56 HPs)
             Began as a Gnoll Wanderer on Dec 16, 2017.
             Slain by Statics's ghost (22 damage)
             ... on level 5 of the Dungeon on Dec 18, 2017.
             The game lasted 00:22:55 (4366 turns).

sagitran the Ducker (Gnoll Wanderer)                Turns: 4366, Time: 00:22:55

Health: -5/56      AC:  7    Str: 16    XL:     7   Next: 24%
Magic:  10/10      EV: 13    Int: 14    God:
Gold:   307        SH:  0    Dex: 15    Spells: 10/10 levels left

rFire    . . .     SeeInvis .   a - +2 falchion
rCold    . . .     Gourm    .   (no shield)
rNeg     + . .     Faith    .   b - +0 ring mail
rPois    .         Spirit   .   (no helmet)
rElec    .         Reflect  .   F - +0 cloak (curse)
rCorr    .         Harm     .   (no gloves)
MR       +....                  (no boots)
Stlth    ++........             (no amulet)
HPRegen  0.18/turn              c - ring of protection from magic
MPRegen  0.12/turn              N - ring of positive energy

@: hasted, very quick
A: distributed training, fangs 1, strong nose
a: no special abilities


You were on level 5 of the Dungeon.
You were not hungry.

You visited 1 branch of the dungeon, and saw 5 of its levels.

You collected 307 gold pieces.

Inventory:

Hand Weapons
 a - a +2 falchion (weapon)
 g - a +0 antimagic dagger
 l - a +0 halberd
 m - a +0 dagger of speed
 u - a +0 mace
 w - a +1 dagger of flaming
 G - a +0 long sword
 J - a +1 dagger of draining
Missiles
 e - 154 stones
 n - 23 arrows
 x - a throwing net
 D - 2 steel javelins
 E - 8 tomahawks (quivered)
Armour
 b - a +0 ring mail (worn)
 p - a +2 leather armour of cold resistance
 B - a +0 buckler
 F - a cursed +0 cloak (worn)
 H - a +0 chain mail
 I - a +0 robe of magic resistance
Jewellery
 c - a ring of protection from magic (left hand)
 N - a ring of positive energy (right hand)
Wands
 z - a wand of acid (10)
 C - a wand of disintegration (14)
 M - a wand of random effects (25)
Scrolls
 h - a scroll of fog {unknown}
 r - 2 scrolls of immolation
 s - 2 scrolls of blinking
 v - a scroll of enchant armour {unknown}
 y - 2 scrolls of enchant weapon {unknown}
 A - 3 scrolls of remove curse {unknown}
 O - a scroll of amnesia {unknown}
Potions
 o - a potion of lignification {unknown}
 q - 3 potions of might {unknown}
 t - a potion of brilliance {unknown}
 K - a potion of magic {unknown}
 L - 2 potions of mutation {unknown}
Comestibles
 d - 2 rations
 f - a ration
 i - a ration


   Skills:
 + Level 5.1 Fighting
 + Level 2.3 Short Blades
 + Level 3.5 Long Blades
 + Level 2.3 Axes
 + Level 2.3 Maces & Flails
 + Level 2.3 Polearms
 + Level 2.3 Staves
 + Level 2.3 Slings
 + Level 2.3 Bows
 + Level 2.3 Crossbows
 + Level 5.1 Throwing
 + Level 5.1 Armour
 + Level 5.1 Dodging
 + Level 3.3 Stealth
 + Level 2.3 Shields
 + Level 2.3 Unarmed Combat
 + Level 2.3 Spellcasting
 + Level 1.9 Conjurations
 + Level 1.9 Hexes
 + Level 1.9 Charms
 + Level 1.9 Summonings
 + Level 1.9 Necromancy
 + Level 1.9 Translocations
 + Level 1.9 Transmutations
 + Level 1.9 Fire Magic
 + Level 1.9 Ice Magic
 + Level 1.9 Air Magic
 + Level 1.9 Earth Magic
 + Level 1.9 Poison Magic
 + Level 2.5 Invocations
 + Level 2.3 Evocations


You had 10 spell levels left.
You didn't know any spells.

Dungeon Overview and Level Annotations

Branches:
Dungeon (5/15)
 Temple: D:4-7

Altars:
Elyvilon
Fedhas
Gozag
Kikubaaqudgha
Qazlal
Sif Muna
Yredelemnul

Annotations:
D:5 2 transporters, Menkaure; Statics's ghost, novice GnFi


Innate Abilities, Weirdness & Mutations

Your experience applies equally to all skills.
You have very sharp teeth.
Your uncanny sense of smell can sniff out nearby items.


Message History

The magic dart hits you! Statics's ghost hits you!
Statics's ghost stares at you.
Evoke which item? (* to show all) (? for menu, Esc to quit)
Aiming: Random Effects
Press: ? - help, Shift-Dir - straight line, f - Statics's ghost
Aim: Statics's ghost, wielding a weapon of chaos Statics's ghost seems to speed up.
Statics's ghost hits you!
Evoke which item? (* to show all) (? for menu, Esc to quit)
Aiming: Random Effects
Press: ? - help, Shift-Dir - straight line, f/p - Statics's ghost
Aim: Statics's ghost, wielding a weapon of chaos (fast)
The bolt of poison hits Statics's ghost.
Statics's ghost completely resists.
The bolt of poison hits the orc wizard.
The orc wizard is poisoned.
You kill the orc wizard!
Statics's ghost hits you!
You feel yourself speed up. Statics's ghost hits you!
Space warps horribly around you!
You die...

#####...........#
................#
.###............#
................#
..............o#
....o.##.......##
.....#########).#
.....# ##W##
...>## #.@# ...##
##.## #### #..# .#
##.## .# #..# .#
##.## .# #..# .#
################.#
.#
#................#


You could see Statics's ghost and an orc.

Vanquished Creatures
  A phantom (D:4)
  3 orc priests
  A bullfrog skeleton (D:5)
  4 orc wizards
  A howler monkey skeleton (D:5)
  7 adders
  3 gnolls (D:1)
  An ooze (D:3)
  3 worms
  3 dart slugs
  3 leopard geckos
  12 orcs
  A ball python (D:3)
  5 giant cockroaches
  3 hobgoblins
  8 jackals
  3 quokkas
  5 bats
  3 frilled lizards
  4 goblins
  3 kobolds
  5 rats
82 creatures vanquished.

Vanquished Creatures (others)
  An orc wizard (D:3)
1 creature vanquished.

Grand Total: 83 creatures vanquished

Notes
Turn   | Place    | Note
-------+----------+-------------------------------------------
     0 | D:1      | sagitran the Gnoll Wanderer began the quest for the Orb.
     0 | D:1      | sagitran set off with: a +2 falchion, a +0 ring mail, a scroll of teleportation, a bread ration
     0 | D:1      | Reached XP level 1. HP: 20/20 MP: 1/1
   186 | D:1      | Reached XP level 2. HP: 25/26 MP: 2/2
   385 | D:1      | Reached XP level 3. HP: 31/31 MP: 3/3
   470 | D:1      | Reached skill level 1 in Invocations
  1105 | D:2      | Reached skill level 1 in Short Blades
  1105 | D:2      | Reached skill level 1 in Axes
  1105 | D:2      | Reached skill level 1 in Maces & Flails
  1105 | D:2      | Reached skill level 1 in Polearms
  1105 | D:2      | Reached skill level 1 in Staves
  1105 | D:2      | Reached skill level 1 in Slings
  1105 | D:2      | Reached skill level 1 in Bows
  1105 | D:2      | Reached skill level 1 in Crossbows
  1105 | D:2      | Reached skill level 1 in Shields
  1105 | D:2      | Reached skill level 1 in Unarmed Combat
  1105 | D:2      | Reached skill level 1 in Spellcasting
  1105 | D:2      | Reached skill level 1 in Evocations
  1135 | D:2      | Reached XP level 4. HP: 33/38 MP: 5/5
  1492 | D:2      | Reached skill level 1 in Conjurations
  1492 | D:2      | Reached skill level 1 in Hexes
  1492 | D:2      | Reached skill level 1 in Charms
  1492 | D:2      | Reached skill level 1 in Summonings
  1492 | D:2      | Reached skill level 1 in Necromancy
  1492 | D:2      | Reached skill level 1 in Translocations
  1492 | D:2      | Reached skill level 1 in Transmutations
  1492 | D:2      | Reached skill level 1 in Fire Magic
  1492 | D:2      | Reached skill level 1 in Ice Magic
  1492 | D:2      | Reached skill level 1 in Air Magic
  1492 | D:2      | Reached skill level 1 in Earth Magic
  1492 | D:2      | Reached skill level 1 in Poison Magic
  1651 | D:3      | Found a blossoming altar of Fedhas.
  1713 | D:3      | Found a stormy altar of Qazlal.
  1957 | D:3      | Reached XP level 5. HP: 43/43 MP: 5/7
  2730 | D:4      | Found a white marble altar of Elyvilon.
  2879 | D:4      | Found an opulent altar of Gozag.
  3060 | D:5      | Entered Level 5 of the Dungeon
  3062 | D:5      | Noticed a phantom
  3099 | D:4      | Upgraded the game from 0.21-a0-538-gd16b88a to 0.21-a0-578-gc6e9d75
  3112 | D:4      | Killed a phantom
  3112 | D:4      | Reached XP level 6. HP: 27/50 MP: 8/8
  3341 | D:5      | Reached skill level 5 in Fighting
  3341 | D:5      | Reached skill level 5 in Throwing
  3341 | D:5      | Reached skill level 5 in Armour
  3341 | D:5      | Reached skill level 5 in Dodging
  3559 | D:5      | Noticed Statics's ghost (novice GnFi)
  3577 | D:5      | Found a basalt altar of Yredelemnul.
  3577 | D:5      | Found an ancient bone altar of Kikubaaqudgha.
  3946 | D:4      | Reached XP level 7. HP: 45/56 MP: 8/10
  4131 | D:5      | Found a deep blue altar of Sif Muna.
  4203 | D:5      | Noticed Menkaure
  4273 | D:5      | Noticed a hungry ghost
  4281 | D:5      | Found a transporter.
  4283 | D:5      | Found a transporter.
  4366 | D:5      | Slain by Statics's ghost

Vault maps used:
D:1:      dpeg_arrival_snail
D:3:      lemuel_crystal_altar, grunt_qazlal_sundering, nrook_mini_backslash,
          serial_bayou_pond_c, kennysheep_cluttered_room
D:4:      nicolae_overflow_crystal_walls, first_bread, kennysheep_nondescript,
          nicolae_gozag_cash_rules_everything_around_me
D:5:      gammafunk_temple_of_torment, lemuel_coloured_pillars_altar,
          lemuel_doored_altar

Skill      XL: |  1  2  3  4  5  6 |
---------------+-------------------+-----
Invocations    | 1 2 |  2.5
Short Blades   | 1 2 |  2.3
Axes           | 1 2 |  2.3
Maces & Flails | 1 2 |  2.3
Polearms       | 1 2 |  2.3
Staves         | 1 2 |  2.3
Slings         | 1 2 |  2.3
Bows           | 1 2 |  2.3
Crossbows      | 1 2 |  2.3
Shields        | 1 2 |  2.3
Unarmed Combat | 1 2 |  2.3
Spellcasting   | 1 2 |  2.3
Evocations     | 1 2 |  2.3
Conjurations   | 1 |  1.9
Hexes          | 1 |  1.9
Charms         | 1 |  1.9
Summonings     | 1 |  1.9
Necromancy     | 1 |  1.9
Translocations | 1 |  1.9
Transmutations | 1 |  1.9
Fire Magic     | 1 |  1.9
Ice Magic      | 1 |  1.9
Air Magic      | 1 |  1.9
Earth Magic    | 1 |  1.9
Poison Magic   | 1 |  1.9
Long Blades    | 3 |  3.5
Stealth        | 3 |  3.3
Fighting       | 5 |  5.1
Throwing       | 5 |  5.1
Armour         | 5 |  5.1
Dodging        | 5 |  5.1

Action                   |  1- 3 |  4- 6 |  7- 9 || total
-------------------------+-------+-------+-------++-------
Melee: Falchion          |    44 |   121 |    28 ||   193
       Bite              |     3 |    17 |     5 ||    25
       Halberd           |       |    20 |       ||    20
       Dagger            |       |     4 |       ||     4
       Punch             |       |     2 |       ||     2
Throw: Stone             |    37 |    19 |       ||    56
       Tomahawk          |     4 |    39 |     1 ||    44
Evoke: Wand              |       |       |     2 ||     2
  Use: Scroll            |       |    10 |     1 ||    11
       Potion            |       |     2 |     1 ||     3
  Eat: Chunk             |     1 |     3 |       ||     4
       Buggy jelly       |       |     1 |       ||     1
       Ration            |       |     1 |       ||     1
Armor: Ring mail         |    25 |    62 |    12 ||    99
Dodge: Dodged            |    29 |   155 |    14 ||   198
       Rpst.: Falchion   |     8 |    48 |     5 ||    61

Table legend:
 A = Spawn XP
 B = Non-spawn XP
 C = Spawn XP percentage of total XP
 D = Spawn monster count
 E = Non-spawn monster count
 F = Spawn count percentage of total count
 G = Total turns spent on level
                    A         B        C        D         E        F      G
               +---------+---------+-------+---------+---------+-------+---------
         Total |       0 |     758 |   0.0 |       0 |      83 |   0.0 |  4366
               +---------+---------+-------+---------+---------+-------+---------
           D:1 |       0 |      62 |   0.0 |       0 |      16 |   0.0 |   942
           D:2 |       0 |      72 |   0.0 |       0 |      17 |   0.0 |   709
           D:3 |       0 |     106 |   0.0 |       0 |      15 |   0.0 |   688
           D:4 |       0 |     245 |   0.0 |       0 |      17 |   0.0 |  1280
           D:5 |       0 |     273 |   0.0 |       0 |      18 |   0.0 |   747
               +---------+---------+-------+---------+---------+-------+---------
